[Event "DVM U20 2019"]
[Site "Braunschweig"]
[Date "2019.12.28"]
[Round "3"]
[White "von Angern, Cedric"]
[Black "Gerold, Robin"]
[Result "1-0"]
[ECO "B38"]
[WhiteElo "1867"]
[BlackElo "1448"]
[Annotator "NA"]
[PlyCount "149"]
[EventDate "2019.12.27"]
[EventType "team-tourn"]
[EventRounds "7"]
[EventCountry "GER"]
[SourceTitle "playchess.com"]
[Source "ChessBase"]
[SourceQuality "1"]
[WhiteTeam "SG Aufbau Elbe Magdeburg"]
[BlackTeam "SF HN-Biberach"]
[TimeControl "40/5400+30:1800+30"]

1. e4 c5 2. Nf3 Nc6 3. d4 cxd4 4. Nxd4 g6 5. c4 Bg7 6. Be3 Nf6 7. Nc3 O-O {[%emt 0:00:42] unterminated} 8. Be2 Re8 {[%emt 0:00:47] B38: Sicilian: Maroczy Bind with 5...Bg7 and 7...0-0} (8... d6 9. O-O Bd7 10. Nc2 Be6 11. Rc1 Nd7 12. Qd2 a5 13. f3 a4 14. Na3 Qa5 15. f4 Nc5 16. Bf3 Nb4 17. Be2 Nxa2 18. Nxa2 Qxd2 19. Bxd2 {0-1 (66) So,W (2765)-Iturrizaga Bonelli,E (2637) chess.com INT 2019}) 9. O-O {[%emt 0:00:45] unterminated} b6 $146 {[%emt 0:06:03] unterminated} ({Predecessor:} 9... d6 10. Qd2 a6 11. Rac1 Bd7 12. Rfd1 Rc8 13. f3 Ne5 14. b3 Qc7 15. Nd5 Qb8 16. h3 Nxd5 17. cxd5 f6 18. f4 Nf7 19. Ne6 Bxe6 20. dxe6 Nd8 21. f5 g5 22. Rxc8 Qxc8 {1-0 (62) Alvarez Alonso,A (1635)-Pozo Vinuesa,P (1556) Costa Teguise 2014}) 10. Qd2 Bb7 11. f3 {[%emt 0:00:35] unterminated} e6 {[%emt 0:00:27] unterminated} 12. Rfd1 {[%emt 0:04:24] unterminated} d5 {[%emt 0:02:32] unterminated} 13. Nxc6 Bxc6 14. cxd5 exd5 15. exd5 {[%emt 0:00:34] unterminated} Nxd5 {[%emt 0:00:52] unterminated} 16. Nxd5 Qxd5 {[%emt 0:00:40] unterminated} 17. Qxd5 Bxd5 18. Kf2 {[%emt 0:01:31] unterminated} Be6 {[%emt 0:01:29] unterminated} 19. Bd4 {[%emt 0:02:55] unterminated} Red8 20. Bxg7 Kxg7 {[%emt 0:00:02] unterminated} 21. a3 {[%emt 0:13:36] unterminated} Rac8 {[%emt 0:04:16] unterminated} 22. Rxd8 Rxd8 23. Rd1 Rxd1 24. Bxd1 Kf6 25. Ke3 Ke5 26. f4+ Kd5 27. Bb3+ Kd6 28. Bxe6 Kxe6 29. Ke4 f5+ 30. Kd4 Kd6 {[%emt 0:00:09] unterminated} 31. b3 a6 32. b4 Ke6 33. a4 Kd6 34. h3 h6 35. a5 bxa5 36. bxa5 Kc6 37. Ke5 Kb5 38. g4 Kxa5 39. gxf5 gxf5 40. Kxf5 Kb5 41. Kg6 a5 42. f5 a4 43. f6 a3 44. f7 a2 45. f8=Q a1=Q 46. Qf5+ {[%emt 0:01:56] unterminated} Kc4 47. Kxh6 {[%emt 0:00:58] unterminated} Qh8+ {[%emt 0:01:07] unterminated} 48. Kg5 {[%emt 0:02:06] unterminated} Qg8+ {[%emt 0:01:44] unterminated} 49. Kf4 {[%emt 0:05:22] unterminated} Qb8+ {[%emt 0:01:11] unterminated} 50. Kf3 Qb3+ 51. Kg4 {[%emt 0:00:36] unterminated} Qd1+ {[%emt 0:00:31] unterminated} 52. Kg5 {[%emt 0:03:39] unterminated} Qd8+ 53. Kg6 Qg8+ {[%emt 0:00:55] unterminated} 54. Kh5 Qh8+ {[%emt 0:00:56] unterminated} 55. Kg4 Qg7+ {[%emt 0:00:27] unterminated} 56. Qg5 {[%emt 0:01:09] unterminated} Qd7+ 57. Kg3 {[%emt 0:01:54] unterminated} Qd3+ {[%emt 0:00:36] unterminated} 58. Kh4 Qh7+ {[%emt 0:00:25] unterminated} 59. Kg4 {[%emt 0:01:28] unterminated} Qd7+ 60. Qf5 {[%emt 0:00:10] unterminated} Qg7+ 61. Kf3 Qc3+ 62. Kf4 Qd2+ {[%emt 0:00:26] unterminated} 63. Ke5 Qd5+ {[%emt 0:00:57] [#]} 64. Kf6 $1 {[%emt 0:00:15] unterminated} Qd8+ {[%emt 0:00:42] unterminated} 65. Kg7 {[%emt 0:00:30] unterminated} Qd4+ {[%emt 0:00:17] unterminated} 66. Qf6 Qg1+ 67. Kh7 {[%emt 0:01:06] unterminated} Qb1+ 68. Qg6 Qb7+ {[%emt 0:00:14] unterminated} 69. Kh8 {[%emt 0:00:20] unterminated} (69. Kh6 $16) 69... Qh1 70. Qg4+ Kc5 71. Qg5+ Kd6 72. Qf6+ Kc5 73. h4 {[%emt 0:00:06] unterminated} Qa8+ 74. Kg7 Qb7+ $18 {[%emt 0:00:39] unterminated} 75. Kh6 {[%emt 0:00:34] normal} 1-0

[Event "DVM U20 2019"]
[Site "Braunschweig"]
[Date "2019.12.28"]
[Round "3"]
[White "Hennemann, Florian"]
[Black "Düro, Liam"]
[Result "0-1"]
[ECO "B18"]
[WhiteElo "1865"]
[BlackElo "1841"]
[Annotator "NA RC"]
[PlyCount "100"]
[EventDate "2019.12.27"]
[EventType "team-tourn"]
[EventRounds "7"]
[EventCountry "GER"]
[SourceTitle "playchess.com"]
[Source "ChessBase"]
[SourceQuality "1"]
[WhiteTeam "Sges Bensheim"]
[BlackTeam "SG Trier"]
[TimeControl "40/5400+30:1800+30"]

1. e4 c6 2. d4 d5 3. Nc3 dxe4 4. Nxe4 Bf5 5. Ng3 Bg6 6. Be3 {[%emt 0:01:22] B18: Classical Caro-Kann: 4...Bf5 sidelines} (6. h4 h6 7. Nf3 e6 8. h5 Bh7 9. Bd3 Bxd3 10. Qxd3 Nf6 11. Bd2 c5 12. O-O-O Nc6 13. Bc3 Qd5 14. dxc5 Qxd3 15. cxd3 Bxc5 16. Bxf6 gxf6 17. d4 Bb6 18. d5 Ne7 19. dxe6 fxe6 20. Ne4 {½-½ (32) Andreikin,D (2725)-Howell,D (2693) Astana 2019}) 6... e6 7. Nf3 Nf6 8. Bd3 Bxd3 9. Qxd3 Nbd7 {[%emt 0:00:49] unterminated} 10. O-O-O {[%emt 0:05:11] unterminated} Qa5 {[%emt 0:00:52] unterminated} 11. Kb1 {[%emt 0:04:07] unterminated} h6 $146 {[%emt 0:02:31] unterminated} ({Predecessor:} 11... O-O-O 12. Ng5 Qc7 13. Nxf7 Nc5 14. Qe2 Qxf7 15. dxc5 Rd5 16. c4 {1-0 (35) Fayolle,G (1937)-Mabelly,R (1980) Montigny le Bretonneux 2007}) 12. Rhe1 O-O-O {[%emt 0:00:38] unterminated} 13. Qb3 {[%emt 0:08:13] unterminated} Nd5 {[%emt 0:06:19] unterminated} 14. c4 Nxe3 {[%emt 0:00:39] unterminated} 15. fxe3 {[%emt 0:02:52] unterminated} Bd6 {[%emt 0:02:14] unterminated} 16. Ne4 {[%emt 0:06:14] unterminated} Qf5 {[%emt 0:02:29] unterminated} 17. Qc2 Bc7 {[%emt 0:01:28] unterminated} 18. Rf1 {[%emt 0:09:31] unterminated} Qg6 {[%emt 0:03:05] unterminated} 19. g3 {[%emt 0:01:41] unterminated} Nb6 {[%emt 0:03:54] unterminated} 20. b3 {[%emt 0:06:29] unterminated} Kb8 {[%emt 0:03:32] unterminated} 21. Nh4 {[%emt 0:06:31] unterminated} Qh5 {[%emt 0:07:12] unterminated} 22. Qf2 $11 Rhf8 23. Nc5 Nd7 24. Ne4 Qa5 25. Qc2 g5 26. Nf3 f5 27. Nc3 Nf6 28. Nd2 Ng4 29. Qd3 Nxh2 30. Rh1 Ng4 31. Rdf1 Bxg3 32. c5 Nf2 33. Rxf2 Bxf2 34. Nc4 Qxc5 35. Qc2 Rxd4 36. exd4 Bxd4 37. Na4 Qd5 38. Qh2+ f4 39. Qxh6 Qf5+ 40. Kc1 b5 41. Rd1 Rh8 42. Qxh8+ Bxh8 43. Rd8+ Kc7 44. Rxh8 bxc4 45. Ra8 Kb7 46. Rd8 cxb3 47. axb3 f3 48. Rd7+ Kc8 49. Rxa7 {[%emt 0:00:17] normal} f2 50. Nb6+ Kb8 {[%emt 0:00:14] normal} 0-1

[Event "DVM U20 2019"]
[Site "Braunschweig"]
[Date "2019.12.28"]
[Round "3"]
[White "Doepper, Anna Berenice"]
[Black "Martin III, Richard"]
[Result "1/2-1/2"]
[ECO "B22"]
[WhiteElo "1855"]
[BlackElo "2043"]
[Annotator "NA RC"]
[PlyCount "68"]
[EventDate "2019.12.27"]
[EventType "team-tourn"]
[EventRounds "7"]
[EventCountry "GER"]
[SourceTitle "playchess.com"]
[Source "ChessBase"]
[SourceQuality "1"]
[WhiteTeam "SF Essen-Katernberg"]
[BlackTeam "OSG Baden-Baden"]
[TimeControl "40/5400+30:1800+30"]

1. e4 c5 2. c3 Nf6 3. e5 Nd5 4. d4 cxd4 5. cxd4 e6 6. Nf3 d6 7. Bc4 Nc6 8. O-O Be7 9. Qe2 O-O 10. Nc3 Nxc3 11. bxc3 dxe5 12. dxe5 Qa5 13. Bd2 Bd7 14. Bd3 Rfd8 15. Qe4 g6 {[%emt 0:00:03] unterminated} 16. Rab1 {[%emt 0:11:47] unterminated} Qc7 {[%emt 0:08:20] unterminated} 17. h4 {[%emt 0:03:24] unterminated} Na5 {[%emt 0:04:07] unterminated} 18. Nd4 {[%emt 0:07:13] unterminated} Bc6 {[%emt 0:06:59] unterminated} 19. Qf4 {[%emt 0:02:50] unterminated} Bd5 {[%emt 0:07:35] unterminated} 20. Rfe1 {[%emt 0:10:54] unterminated} a6 {[%emt 0:12:44] unterminated} 21. a4 {[%emt 0:17:12] unterminated} Nc4 {[%emt 0:01:24] unterminated} 22. Bxc4 Qxc4 23. h5 {[%emt 0:00:07] unterminated} Bc5 {[%emt 0:03:46] unterminated} 24. Qg4 {[%emt 0:03:35] unterminated} Bxd4 25. cxd4 $11 Qd3 26. Bg5 Rdc8 27. Red1 Qe4 28. Qxe4 Bxe4 29. Rbc1 Rxc1 30. Rxc1 Bc6 31. a5 {[%emt 0:00:21] normal} h6 {[%emt 0:01:27] normal} 32. Be7 gxh5 {[%emt 0:00:44] normal} 33. Rc3 {[%emt 0:01:36] normal} Kh7 34. Rg3 {[%emt 0:00:13] normal} Rg8 {[%emt 0:03:34] normal} 1/2-1/2

[Event "DVM U20 2019"]
[Site "Braunschweig"]
[Date "2019.12.28"]
[Round "3"]
[White "Foo, Tzun Hong"]
[Black "Seref, Erdogan"]
[Result "0-1"]
[ECO "C92"]
[WhiteElo "1829"]
[BlackElo "2003"]
[Annotator "NA"]
[PlyCount "90"]
[EventDate "2019.12.27"]
[EventType "team-tourn"]
[EventRounds "7"]
[EventCountry "GER"]
[SourceTitle "playchess.com"]
[Source "ChessBase"]
[SourceQuality "1"]
[WhiteTeam "Hamburger SK"]
[BlackTeam "SF Brackel"]
[TimeControl "40/5400+30:1800+30"]

1. e4 e5 2. Nf3 Nc6 3. Bb5 a6 4. Ba4 Nf6 5. O-O Be7 6. Re1 b5 7. Bb3 O-O 8. c3 d6 9. h3 Re8 {[%emt 0:00:08] unterminated} 10. d4 Bb7 {[%emt 0:00:09] unterminated} 11. Nbd2 {[%emt 0:02:15] unterminated} h6 {[%emt 0:02:10] unterminated} 12. Nf1 {[%emt 0:02:21] unterminated} Bf8 13. Ng3 {[%emt 0:00:44] unterminated} Qd7 {[%emt 0:09:50] unterminated unterminated. C93: Closed Ruy Lopez: Smyslov Variation} 14. Bc2 {[%emt 0:05:50] unterminated} Rad8 {[%emt 0:05:37] unterminated} 15. a3 {[%emt 0:16:49] unterminated} Qc8 {[%emt 0:01:59] [#] unterminated} 16. Be3 $146 {[%emt 0:21:38] unterminated} ({Predecessor:} 16. d5 Ne7 17. b3 c6 18. c4 Qc7 19. Be3 Bc8 20. Nh2 bxc4 21. bxc4 Bd7 22. Bd3 c5 {1-0 (75) Palac,M (2535)-Vukelic,T (2226) Mali Losinj 2017}) 16... Qa8 {[%emt 0:02:20] unterminated} 17. d5 Nb8 {[%emt 0:00:11] unterminated} 18. b3 Nbd7 {[%emt 0:01:38] unterminated} 19. Nh2 {[%emt 0:04:11] unterminated} c6 {[%emt 0:03:08] unterminated} 20. c4 {[%emt 0:01:32] unterminated} Rc8 {[%emt 0:07:12] unterminated} 21. Ng4 {[%emt 0:04:11] unterminated} a5 22. a4 {[%emt 0:00:34] unterminated} cxd5 {[%emt 0:03:21] unterminated} 23. cxd5 b4 {[%emt 0:00:54] unterminated} 24. Nf5 {[%emt 0:06:03] unterminated} Rc7 {[%emt 0:04:05] unterminated} 25. Ra2 {[%emt 0:03:46] unterminated} (25. Bxh6 $16 gxh6 26. Ngxh6+ Bxh6 27. Nxh6+ Kh7 28. Nxf7) 25... Rec8 {[%emt 0:03:02] unterminated} 26. Bb1 {[%emt 0:01:41] unterminated} Kh8 27. Qf3 {[%emt 0:02:00] unterminated} Nxg4 28. hxg4 {[%emt 0:00:20] unterminated} Rc3 {[%emt 0:02:18] unterminated} 29. g5 {[%emt 0:01:41] unterminated} hxg5 {[%emt 0:01:19] unterminated} 30. Qh5+ Kg8 31. Qxg5 {[%emt 0:00:26] unterminated} R8c7 {[%emt 0:07:15] unterminated} 32. Nh6+ $1 Kh7 {[%emt 0:00:13] unterminated} 33. Nxf7 {[%emt 0:00:33] unterminated} Nf6 34. Qh4+ {[%emt 0:00:21] unterminated} Kg8 35. Ng5 {[%emt 0:00:40] unterminated} Rxb3 36. Kh2 {[%emt 0:01:06] unterminated} Qe8 {[%emt 0:01:41] unterminated} 37. g4 Bc8 38. f3 {[%emt 0:00:26] unterminated} Qg6 39. Kg2 {[%emt 0:00:15] unterminated} Nh7 (39... Qh6 $17 40. Qxh6 gxh6) 40. Rh1 $2 {[%emt 0:00:53] unterminated} (40. Nxh7 $11 {and White is okay.} Qxh7 41. Qxh7+ Kxh7 42. Bb6) 40... Nxg5 $2 (40... Be7 $19 41. Qxh7+ Qxh7 42. Rxh7 Bxg5 43. Bxg5 Kxh7) 41. Bxg5 {[%emt 0:30:21] unterminated} Ba6 {[%emt 0:36:57] unterminated} 42. f4 {[%emt 0:00:00] [#] unterminated} Rxb1 $1 {[%emt 0:00:00] unterminated} 43. Qh8+ $19 Kf7 44. f5 Qxg5 45. Rxb1 Qxg4+ {[%emt 0:00:00] normal} 0-1

[Event "DVM U20 2019"]
[Site "Braunschweig"]
[Date "2019.12.28"]
[Round "3"]
[White "Hamkar, Mehran"]
[Black "Kroschel, Anton"]
[Result "1/2-1/2"]
[ECO "B24"]
[WhiteElo "1814"]
[BlackElo "1756"]
[Annotator "NA RC"]
[PlyCount "78"]
[EventDate "2019.12.27"]
[EventType "team-tourn"]
[EventRounds "7"]
[EventCountry "GER"]
[SourceTitle "playchess.com"]
[Source "ChessBase"]
[SourceQuality "1"]
[WhiteTeam "SF Augsburg"]
[BlackTeam "Lübecker SV"]
[TimeControl "40/5400+30:1800+30"]

1. e4 c5 2. Nc3 Nc6 3. g3 g6 4. d3 Bg7 5. Be3 d6 6. Qd2 h6 {[%emt 0:03:22] B24: Closed Sicilian: 3 g3 sidelines} (6... e5 7. Bg2 Nge7 8. h4 h5 9. f4 Nd4 10. Nd1 d5 11. c3 Ne6 12. Nf3 d4 13. Bg1 Nc6 14. c4 f6 15. Nf2 Bh6 16. Nh3 {½-½ (57) Granda Zuniga,J (2667)-Wojtaszek,R (2734) Baku 2015}) 7. Bg2 Nf6 8. h3 Rb8 9. f4 e5 $146 ({Predecessor:} 9... Nd4 10. Nce2 Nxe2 11. Nxe2 b6 12. O-O Bb7 13. g4 Qd7 14. Ng3 O-O 15. c3 d5 16. e5 {1-0 (43) Krapivin,A (2445)-Tsydypov,Z (2321) Moscow 2012}) 10. Nf3 Nh5 11. Qf2 Nd4 {[%emt 0:16:50] unterminated} 12. O-O {[%emt 0:08:41] unterminated} ({White should play} 12. fxe5 $14 dxe5 13. Nd5) 12... Be6 {[%emt 0:17:20] unterminated} 13. fxe5 dxe5 {[%emt 0:01:33] unterminated} 14. g4 {[%emt 0:03:35] unterminated} Nf4 {[%emt 0:12:46] unterminated} 15. Nxd4 {[%emt 0:09:08] unterminated} Nxh3+ 16. Bxh3 cxd4 {[%emt 0:00:11] unterminated} 17. Bd2 {[%emt 0:01:54] unterminated} dxc3 {[%emt 0:00:10] unterminated} 18. bxc3 {[%emt 0:00:51] unterminated} b6 {[%emt 0:02:03] unterminated} 19. g5 {[%emt 0:11:39] unterminated} Qe7 20. Bxe6 {[%emt 0:01:10] unterminated} Qxe6 21. Qg2 {[%emt 0:00:52] unterminated} hxg5 22. Bxg5 {[%emt 0:00:10] unterminated} Kd7 23. Rf3 {[%emt 0:00:21] unterminated} f6 {[%emt 0:02:00] unterminated} 24. Be3 {[%emt 0:00:09] unterminated} Bh6 25. Bxh6 Rxh6 26. Raf1 g5 {[%emt 0:00:35] unterminated} 27. d4 $17 Ke7 28. d5 Qd6 29. Qg4 Rbh8 30. R1f2 Rh4 31. Qf5 Rh1+ 32. Kg2 R1h2+ 33. Kg3 Rxf2 34. Rxf2 Rh6 35. Qc8 Qd7 36. Qxd7+ Kxd7 37. Rh2 {[%emt 0:00:51] normal} Rxh2 38. Kxh2 {[%emt 0:00:02] normal} b5 39. Kg3 {[%emt 0:00:09] normal} Kd6 {[%emt 0:00:56] normal} 1/2-1/2

[Event "DVM U20 2019"]
[Site "Braunschweig"]
[Date "2019.12.28"]
[Round "3"]
[White "Roos, Elias"]
[Black "Kaiser, Frederic"]
[Result "1-0"]
[ECO "B11"]
[WhiteElo "1812"]
[BlackElo "1901"]
[Annotator "NA RC"]
[PlyCount "65"]
[EventDate "2019.12.27"]
[EventType "team-tourn"]
[EventRounds "7"]
[EventCountry "GER"]
[SourceTitle "playchess.com"]
[Source "ChessBase"]
[SourceQuality "1"]
[WhiteTeam "SG Trier"]
[BlackTeam "Sges Bensheim"]
[TimeControl "40/5400+30:1800+30"]

1. e4 c6 {[%emt 0:00:09] unterminated} 2. Nc3 d5 3. Nf3 {[%emt 0:00:13] unterminated} Bg4 {[%emt 0:03:30] unterminated} 4. d4 {[%emt 0:02:12] unterminated} dxe4 (4... e6 5. Bd3 Nf6 6. e5 Nfd7 7. h3 Bxf3 8. Qxf3 c5 9. dxc5 Nc6 10. Qg3 Ncxe5 11. Bb5 a6 12. Ba4 Nc6 13. Be3 {½-½ (53) Bacrot,E (2708)-Topalov,V (2749) Paris 2017}) 5. Nxe4 {[%emt 0:00:00] unterminated} Bxf3 6. Qxf3 {unterminated B11: Caro-Kann: Two Knights Variation} Qxd4 {[%emt 0:02:03] unterminated} 7. c3 {[%emt 0:02:16] unterminated} Qd5 {[%emt 0:02:35] unterminated} 8. Bf4 {[%emt 0:10:39] unterminated} f5 $146 (8... Nf6 $11 9. Bd3 Nbd7) ({Predecessor:} 8... Nd7 9. Nd2 Ngf6 10. Qxd5 Nxd5 11. Bg3 e6 12. Be2 {0-1 (67) Bogatto,M (1421)-Cantamessa,M (1527) Piverone 2012}) 9. Nd2 Qxf3 10. Nxf3 Nd7 11. Bc4 h6 12. h4 Ngf6 13. O-O-O g6 14. Rhe1 Ne4 15. Ne5 Nxe5 16. Bxe5 Rh7 17. Bg8 Rf7 18. Bxf7+ Kxf7 19. f3 Nc5 20. b4 Ne6 21. Rd7 b6 22. Red1 a5 23. Kb2 axb4 24. cxb4 b5 25. Rb7 Rc8 26. Rdd7 Ke8 27. Rd2 Ra8 {[%emt 0:01:07] unterminated} 28. Rc2 $18 Rc8 29. Rxb5 Nd8 30. Rbc5 e6 31. R5c4 Nf7 32. Bf6 Kd7 33. Kb3 {[%emt 0:01:34] normal} 1-0

[Event "DVM U20 2019"]
[Site "Braunschweig"]
[Date "2019.12.28"]
[Round "3"]
[White "Mundt, Alexandra"]
[Black "Vuckovic, Robert"]
[Result "1-0"]
[ECO "B32"]
[WhiteElo "1775"]
[BlackElo "1897"]
[Annotator "NA"]
[PlyCount "121"]
[EventDate "2019.12.27"]
[EventType "team-tourn"]
[EventRounds "7"]
[EventCountry "GER"]
[SourceTitle "playchess.com"]
[Source "ChessBase"]
[SourceQuality "1"]
[WhiteTeam "Lübecker SV"]
[BlackTeam "SF Augsburg"]
[TimeControl "40/5400+30:1800+30"]

1. e4 c5 2. Nf3 Nc6 3. d4 cxd4 4. Nxd4 Qb6 5. Nb3 {[%emt 0:01:43] unterminated} Nf6 6. Nc3 e6 {[%emt 0:00:10] unterminated} 7. Be3 Qc7 8. a3 {[%emt 0:00:12] unterminated} Be7 {[%emt 0:02:14] unterminated} 9. Be2 {[%emt 0:04:08] unterminated} O-O {[%emt 0:01:55] unterminated} 10. O-O {[%emt 0:02:04] unterminated} a6 {[%emt 0:07:22] unterminated} 11. Kh1 {[%emt 0:12:17] unterminated} b5 {[%emt 0:01:36] unterminated} 12. f4 {[%emt 0:05:19] unterminated} d6 {[%emt 0:00:52] unterminated} 13. Bf3 {[%emt 0:05:57] unterminated} Bb7 {[%emt 0:01:51] unterminated} 14. Qe1 {[%emt 0:07:42] unterminated unterminated. B33: Sicilian: Pelikan and Sveshnikov Variations} Rfd8 {[%emt 0:02:55] unterminated} (14... Rac8 15. Rd1 b4 16. axb4 Nxb4 17. Qf2 e5 18. Rd2 Ba8 19. Bb6 Qc6 20. Na5 Qe8 21. fxe5 dxe5 {½-½ (60) Wahlbom,M (2173)-Maryasin,B (2284) Bled 2018}) 15. Qg3 $146 {[%emt 0:04:26] unterminated} ({Predecessor:} 15. Rd1 Rac8 16. g4 Na5 17. Nxa5 Qxa5 18. Nd5 Qxe1 19. Nxe7+ {1-0 (52) Hernandez Rios,I (1990)-Rosso Lizza,P Isla Bonita 2004}) 15... Rd7 {[%emt 0:04:09] unterminated} 16. Rad1 Rad8 {[%emt 0:04:27] unterminated} 17. Rfe1 {[%emt 0:06:48] unterminated} Na5 {[%emt 0:06:05] unterminated} 18. Nxa5 Qxa5 19. Qf2 {[%emt 0:00:09] unterminated} Qc7 20. Bb6 {[%emt 0:00:14] Skewer} Qc8 21. Bxd8 Bxd8 22. e5 Ne8 23. Bxb7 Qxb7 24. Qf3 Qxf3 25. gxf3 d5 26. Ne2 g6 27. Rd3 Kf8 28. Red1 Ba5 29. b4 Bb6 30. Rc3 Ke7 31. Rc6 Rb7 32. Rc3 Kd7 33. Kg2 Ng7 34. Ng3 Bd8 35. Ne4 Be7 36. Rdd3 Nf5 37. Ng3 Ng7 38. Ne4 Nf5 39. Nc5+ Bxc5 40. Rxc5 Ra7 41. Kh3 Rc7 42. Rxc7+ Kxc7 43. Kg4 h6 {[%emt 0:00:44] unterminated} 44. h4 {[%emt 0:02:29] unterminated} Ng7 {[%emt 0:04:46] unterminated} 45. a4 {[%emt 0:09:03] unterminated} Kb6 {[%emt 0:03:11] unterminated} 46. axb5 Kxb5 47. Ra3 {[%emt 0:00:12] unterminated} Nf5 ({Black should play} 47... d4 $1 $14) 48. c3 Ne3+ 49. Kg3 Nc4 50. Ra1 {[%emt 0:00:30] unterminated} h5 $2 {[%emt 0:00:15] unterminated} (50... Ne3 51. h5 Nf5+ 52. Kg4 Ng7 53. hxg6 fxg6 54. Ra5+ Kb6) 51. Kf2 Kb6 {[%emt 0:00:42] unterminated} 52. Ke2 {[%emt 0:02:01] unterminated} Kb5 53. Kd3 Kb6 54. Kd4 Nd2 55. Ke3 Nc4+ 56. Kd3 Nb2+ 57. Ke2 Nc4 58. Ra2 Kb5 59. Kd3 Kb6 60. Kd4 Kb5 {[%emt 0:00:25] [#] unterminated} 61. f5 $18 {[%emt 0:02:29] normal} 1-0

[Event "DVM U20 2019"]
[Site "Braunschweig"]
[Date "2019.12.28"]
[Round "3"]
[White "Hoenselaar, Dennis"]
[Black "Schubert, Bernhard"]
[Result "1/2-1/2"]
[ECO "A30"]
[WhiteElo "1769"]
[BlackElo "1586"]
[Annotator "NA RC"]
[PlyCount "71"]
[EventDate "2019.12.27"]
[EventType "team-tourn"]
[EventRounds "7"]
[EventCountry "GER"]
[SourceTitle "playchess.com"]
[Source "ChessBase"]
[SourceQuality "1"]
[WhiteTeam "SK Turm Kleve"]
[BlackTeam "USV TU Dresden"]
[TimeControl "40/5400+30:1800+30"]

1. c4 c5 2. g3 Nf6 3. Bg2 e6 4. e4 Nc6 5. Nc3 Be7 6. Nge2 O-O 7. O-O d6 8. d3 Qd7 9. h3 b6 10. Be3 Bb7 11. d4 cxd4 12. Nxd4 Nxd4 13. Bxd4 Rac8 14. b3 Ne8 15. Re1 Bf6 16. Bxf6 Nxf6 17. Qd2 Rfd8 18. Rad1 a6 19. a4 Bc6 20. Qe2 Qb7 21. Rd2 Ne8 22. Red1 Rd7 23. f4 Qa7 24. Kh2 Rcd8 25. e5 Bxg2 26. Qxg2 Qc7 27. exd6 Nxd6 28. Ne4 Nxe4 29. Rxd7 Rxd7 30. Rxd7 Qxd7 31. Qxe4 Qd2+ 32. Qg2 Qxg2+ 33. Kxg2 Kf8 34. Kf3 Ke7 35. Ke3 Kd6 36. Ke4 {normal} 1/2-1/2

[Event "DVM U20 2019"]
[Site "Braunschweig"]
[Date "2019.12.28"]
[Round "3"]
[White "Roesler, Hannah Clara"]
[Black "Wegmer, Leon"]
[Result "0-1"]
[ECO "C52"]
[WhiteElo "1695"]
[BlackElo "1939"]
[Annotator "NA RC"]
[PlyCount "130"]
[EventDate "2019.12.27"]
[EventType "team-tourn"]
[EventRounds "7"]
[EventCountry "GER"]
[SourceTitle "playchess.com"]
[Source "ChessBase"]
[SourceQuality "1"]
[WhiteTeam "SK Bebenhausen"]
[BlackTeam "Karlsruher SF"]
[TimeControl "40/5400+30:1800+30"]

1. e4 e5 2. Nf3 Nc6 3. Bc4 Bc5 4. b4 Bxb4 5. c3 Ba5 6. d4 d6 7. Qb3 {[%emt 0:00:41] unterminated} Qd7 {[%emt 0:00:04] unterminated} 8. dxe5 {[%emt 0:08:49] unterminated} Bb6 {[%emt 0:07:08] unterminated} 9. exd6 {[%emt 0:10:43] unterminated unterminated. C52: Evans Gambit Accepted: 5 c3 Ba5} (9. a4 Na5 10. Qa2 Nxc4 11. Qxc4 Ne7 12. Ba3 O-O 13. O-O Re8 14. exd6 cxd6 15. Rd1 Qc6 16. Nbd2 Be6 17. Qxc6 Nxc6 18. Bxd6 {0-1 (30) Nisipeanu,L (2654)-Caruana,F (2805) Dortmund 2015}) 9... Na5 {[%emt 0:04:29] unterminated} 10. Qb5 {[%emt 0:04:27] unterminated} Nxc4 11. Qxc4 Qxd6 {[%emt 0:00:48] unterminated} 12. Ba3 {[%emt 0:05:58] unterminated} Be6 {[%emt 0:03:12] unterminated} 13. Qb5+ Qd7 {[%emt 0:00:04] unterminated} 14. c4 $146 ({Predecessor:} 14. Qxd7+ Bxd7 15. Ne5 Be6 16. Nd2 O-O-O {0-1 (53) Damia,A (2233)-Anurag,M (2423) Sevilla 2017}) 14... c6 {[%emt 0:01:33] unterminated} 15. Qb2 O-O-O 16. Nbd2 {[%emt 0:01:15] unterminated} Nf6 {[%emt 0:12:20] unterminated} 17. O-O Bd4 {[%emt 0:00:41] unterminated} 18. Nxd4 Qxd4 19. Rab1 {[%emt 0:01:33] unterminated} Qxb2 20. Rxb2 {[%emt 0:00:04] unterminated} Rd3 {[%emt 0:02:33] unterminated} 21. e5 $17 ({White should play} 21. Be7) 21... Rxa3 22. exf6 gxf6 23. Ne4 Rd8 24. c5 Rxa2 25. Nd6+ Rxd6 26. Rxa2 Bxa2 27. cxd6 Bd5 28. Re1 Be6 29. Rb1 a5 30. Ra1 b6 31. Kf1 Kd7 32. Ke2 Kxd6 33. Kd3 Bb3 34. Re1 a4 35. Kc3 c5 36. Re8 b5 37. Ra8 b4+ 38. Kb2 c4 39. Ra5 a3+ 40. Kc1 c3 41. f3 Bc4 42. Kc2 b3+ 43. Kxc3 b2 44. Rxa3 b1=Q 45. Kxc4 Qc2+ 46. Kb4 Kd5 47. Ra5+ Kd4 48. Rh5 Qb2+ 49. Ka5 Qxg2 50. Rxh7 Qa2+ 51. Kb6 Qb1+ 52. Kc6 Qxh7 53. h4 Qc2+ 54. Kd6 Qc5+ 55. Kd7 Kd5 56. Ke8 Ke6 57. Kd8 Kd6 58. Ke8 Qh5 59. f4 Qh8+ 60. Kxf7 Qh6 61. f5 Ke5 62. h5 Qh7+ 63. Kf8 Kxf5 64. h6 Ke6 65. Ke8 Qg8# {normal} 0-1